 Dungeon Crawl Stone Soup version 0.26-a0-6-g448add79b7 (webtiles) character file.

Game seed: 270887705943622082, levelgen mode: deterministic

14909 Gynju the Thaumaturge (level 12, -9/73 HPs)
             Began as a Gargoyle Earth Elementalist on May 24, 2020.
             Was a Believer of Vehumet.
             Mangled by a seven-headed hydra (12 damage)
             ... on level 3 of the Lair of Beasts.
             The game lasted 00:28:27 (15078 turns).

Gynju the Thaumaturge (GrEE)                       Turns: 15078, Time: 00:28:27

Health: -9/73      AC: 17    Str: 14    XL:     12   Next: 21%
Magic:  10/27      EV: 15    Int: 19    God:    Vehumet [**....]
Gold:   692        SH:  9    Dex: 10    Spells: 18/33 levels left

rFire    + . .     SeeInvis +   l - +4 dagger (venom)
rCold    + . .     Gourm    .   a - +0 buckler
rNeg     + . .     Faith    .   F - +2 robe {rC+ rF+}
rPois    ∞         Spirit   .   H - +0 mask of the Dragon {MR+ Slay+3 SInv}
rElec    +         Reflect  +   E - +0 cloak
rCorr    .         Harm     .   (no gloves)
MR       +....                  (no boots)
Stlth    ++........             z - amulet of reflection
HPRegen  0.22/turn              j - +4 ring of protection
MPRegen  0.20/turn              (no ring)

@: no status effects
A: negative energy resistance 1, electricity resistance, unbreathing,
petrification resistance, rot immunity, AC +8
a: Renounce Religion


You were on level 3 of the Lair of Beasts.
You worshipped Vehumet.
Vehumet was pleased with you.
You were hungry.

You visited 3 branches of the dungeon, and saw 14 of its levels.

You collected 757 gold pieces.
You spent 65 gold pieces at shops.

Inventory:

Hand Weapons
 l - a +4 dagger of venom (weapon)
Missiles
 g - 2 silver boomerangs
 k - 40 poisoned darts (quivered)
 D - 195 stones
Armour
 a - a +0 buckler (worn)
 E - a +0 cloak (worn)
 F - a +2 robe of resistance (worn)
 H - the +0 mask of the Dragon (worn) {MR+ Slay+3 SInv}
   (You found it on level 10 of the Dungeon)

   It affects your accuracy and damage with ranged weapons and melee attacks
   (+3).
   It affects your resistance to hostile enchantments.
   It lets you see invisible.
Jewellery
 h - an uncursed amulet of regeneration
 j - a +4 ring of protection (left hand)
 z - an amulet of reflection (around neck)
Wands
 o - a wand of random effects (31)
 q - a wand of paralysis (9)
 C - a wand of flame (17)
 G - a wand of polymorph (9)
Scrolls
 i - a scroll of remove curse {@r2}
 m - 7 scrolls of teleportation
 n - a scroll of fog
 v - a scroll of identify {@r1}
 w - a scroll of blinking
 y - 3 scrolls of amnesia
 I - 2 scrolls of enchant weapon
Potions
 b - 2 potions of ambrosia
 c - 2 potions of brilliance
 e - a potion of cancellation
 f - 6 potions of stabbing
 p - a potion of lignification
 r - a potion of mutation
 t - a potion of might
 u - a potion of invisibility {unknown}
 A - 3 potions of curing {@q1}
 B - a potion of resistance
Miscellaneous
 K - a phial of floods
Comestibles
 d - 27 rations


   Skills:
 + Level 7.7 Fighting
 + Level 6.7 Dodging
 - Level 2.1 Stealth
 - Level 4.0 Shields
 + Level 11.0 Spellcasting
 - Level 5.0 Conjurations
 - Level 5.0 Transmutations
 - Level 10.0 Earth Magic


You had 18 spell levels left.
You knew the following spells:

 Your Spells              Type           Power        Failure   Level  Hunger
a - Sandblast             Erth           #####.       1%          1    None
b - Stone Arrow           Conj/Erth      #####.       1%          3    None
c - Passwall              Tmut/Erth      #####...     1%          2    None
d - Lee's Rapid Deconstr  Erth           #####.....   3%          5    ####...
e - Petrify               Tmut/Erth      #####...     3%          4    ##.....

Your spell library contained the following spells:

 Spells                   Type           Power        Failure   Level  Hunger
 Foxfire                  Conj/Fire      ###.         2%          1    None


Dungeon Overview and Level Annotations

Branches:
Dungeon (10/15)            Temple (1/1) D:5            Lair (3/6) D:10
  Snake (0/4) Lair:3
  Swamp: Lair:2-4    Shoals: Lair:2-4       Orc: D:9-12

Altars:
Ashenzari
Cheibriados
Dithmenos
Elyvilon
Fedhas
Gozag
Hepliaklqana
Kikubaaqudgha
Makhleb
Nemelex Xobeh
Okawaru
Qazlal
Ru
Sif Muna
Trog
Uskayaw
Vehumet
Wu Jian
Xom
Yredelemnul
Zin
The Shining One

Shops:
D:7 !

Annotations:
Lair:1 exclusion: 2 oklob plants


Innate Abilities, Weirdness & Mutations

You are resistant to torment.
Your stone body is resilient. (AC +8)
You are immune to poison.
You resist negative energy. (rN+)
You are resistant to electric shocks. (rElec)
You can survive without breathing.
You are immune to petrification.
You are immune to rotting.


Message History

* * * LOW HITPOINT WARNING * * *
The seven-headed hydra bites you but does no damage.
The seven-headed hydra barely misses you.
The seven-headed hydra bites you but does no damage.
Casting: Stone Arrow (safe; 1% risk of failure)
Confirm with . or Enter, or press ? or * to list all spells.
Aiming: Stone Arrow (safe; 1% risk of failure)
Press: ? - help, Shift-Dir - straight line, f/p - seven-headed hydra
Aim: a seven-headed hydra (severely wounded)
The stone arrow hits the seven-headed hydra!
The seven-headed hydra is almost dead.
You block the seven-headed hydra's attack.
The seven-headed hydra bites you.
* * * LOW HITPOINT WARNING * * *
The seven-headed hydra bites you!
* * * LOW HITPOINT WARNING * * *
The seven-headed hydra bites you.
* * * LOW HITPOINT WARNING * * *
The seven-headed hydra bites you!
You die...

##..# ## #.### #.P#
#..## #.## #..P# #.##
##..## ######..# #....#
#P.P#..##########.##
##.....[.<...###..P#.#.
#............##.........
#.≈.P..)....@D..#.######
#.≈≈≈≈≈......#####..#
#P≈≈≈≈≈≈≈.#≈### #..#
#≈≈≈≈...≈≈≈≈#≈# ...#
#≈≈≈.≈≈.≈≈≈≈### P..#
.≈≈≈.≈.....≈≈# ..#
.≈≈≈...>..≈≈≈.
.≈≈≈≈≈....P≈≈.


You could see a seven-headed hydra.

Vanquished Creatures
  2 hydras (Lair:1)
  A centaur warrior (D:9)
  Erica (Lair:2)
  A two-headed ogre (D:6)
  Pikel (D:5)
  A black mamba (Lair:1)
  2 spiny frogs (Lair:1)
  A komodo dragon (Lair:2)
  An efreet (D:9)
  A merfolk (D:10)
  5 blink frogs (Lair:3)
  4 hippogriffs
  A wyvern (Lair:1)
  A spriggan (D:10)
  13 yaks
  2 basilisks
  3 nagas (Lair:3)
  2 wargs (D:10)
  7 water moccasins
  5 porcupines
  An orc warrior (D:6)
  3 ice beasts
  2 phantoms
  3 sky beasts
  2 black bears (D:10)
  5 centaurs
  A necrophage (D:10)
  2 ogres
  A crocodile (Lair:1)
  4 bullfrogs
  A scorpion (D:5)
  4 killer bees (D:9)
  3 howler monkeys (D:9)
  8 crimson imps
  A bullfrog zombie (D:6)
  A centaur zombie (D:9)
  A quasit (D:9)
  A jelly (D:6)
  3 bullfrog skeletons
  4 hounds
  5 orc priests
  7 orc wizards
  Crazy Yiuf (D:6)
  Jessica (D:9)
  Ijyb (D:3)
  Natasha (thrice) (D:4)
  9 worker ants
  A hound zombie (D:6)
  A howler monkey skeleton (D:5)
  10 adders
  A shadow imp (D:5)
  2 oozes
  4 worms
  An adder skeleton (D:9)
  A dart slug (D:1)
  7 leopard geckos
  26 orcs
  5 giant cockroaches
  9 goblins
  4 hobgoblins
  12 jackals
  3 quokkas
  3 bats
  2 frilled lizards
  9 kobolds
  2 leopard gecko skeletons (D:4)
  A quokka zombie (D:5)
  6 rats
243 creatures vanquished.

Vanquished Creatures (others)
  A slave (D:5)
  A plant (Lair:3)
2 creatures vanquished.

Grand Total: 245 creatures vanquished

Notes
Turn   | Place    | Note
-------+----------+-------------------------------------------
     0 | D:1      | Gynju the Gargoyle Earth Elementalist began the quest for
                  | the Orb.
     0 | D:1      | Reached XP level 1. HP: 10/10 MP: 3/3
   311 | D:1      | Reached XP level 2. HP: 15/15 MP: 0/5
  1136 | D:2      | Reached XP level 3. HP: 19/19 MP: 4/6
  1640 | D:2      | Reached skill level 3 in Spellcasting
  2051 | D:2      | Reached XP level 4. HP: 16/24 MP: 3/8
  2224 | D:2      | Reached skill level 5 in Earth Magic
  2294 | D:3      | Reached XP level 5. HP: 26/28 MP: 10/10
  2402 | D:3      | Reached skill level 4 in Spellcasting
  2462 | D:3      | Found an ancient bone altar of Kikubaaqudgha.
  2705 | D:3      | Found a shadowy altar of Dithmenos.
  2745 | D:3      | Reached XP level 6. HP: 29/32 MP: 12/12
  2916 | D:3      | Noticed Ijyb
  2927 | D:3      | Killed Ijyb
  3073 | D:3      | Learned a level 2 spell: Passwall
  3077 | D:3      | Learned a level 3 spell: Stone Arrow
  3083 | D:3      | Learned a level 5 spell: Lee's Rapid Deconstruction
  3279 | D:4      | Found a basalt altar of Yredelemnul.
  3372 | D:4      | Noticed Natasha
  3375 | D:4      | Killed Natasha
  3429 | D:4      | Noticed Natasha
  3433 | D:4      | Killed Natasha
  3487 | D:4      | Reached XP level 7. HP: 36/36 MP: 14/14
  3492 | D:4      | Noticed Natasha
  3495 | D:4      | Killed Natasha
  3495 | D:4      | Reached skill level 5 in Spellcasting
  3875 | D:5      | Entered Level 5 of the Dungeon
  3982 | D:5      | Found an iron altar of Okawaru.
  4052 | D:5      | Reached skill level 6 in Spellcasting
  4204 | D:5      | Reached skill level 1 in Fighting
  4243 | D:5      | Reached XP level 8. HP: 19/44 MP: 11/17
  4499 | D:5      | Noticed Pikel
  4520 | D:5      | Killed Pikel
  4520 | D:5      | Reached skill level 7 in Spellcasting
  4923 | D:5      | Reached XP level 9. HP: 44/52 MP: 20/20
  5170 | D:5      | Found a staircase to the Ecumenical Temple.
  5198 | Temple   | Entered the Ecumenical Temple
  5213 | Temple   | Became a worshipper of Vehumet
  5259 | D:5      | Learned a level 4 spell: Petrify
  5445 | D:6      | Noticed a two-headed ogre
  5475 | D:6      | Killed a two-headed ogre
  5475 | D:6      | Reached skill level 5 in Fighting
  5475 | D:6      | Reached skill level 5 in Dodging
  5475 | D:6      | Reached skill level 8 in Spellcasting
  5762 | D:6      | Reached skill level 1 in Transmutations
  5764 | D:6      | Reached skill level 1 in Conjurations
  6008 | D:6      | Found a runed translucent door.
  6009 | D:6      | Noticed Crazy Yiuf
  6384 | D:6      | Killed Crazy Yiuf
  6716 | D:7      | Found Xegue's Distillery.
  6730 | D:7      | Bought a potion of heal wounds for 65 gold pieces
  6942 | D:7      | Found a white marble altar of Elyvilon.
  7265 | D:8      | Found an ornate altar of the Wu Jian Council.
  7440 | D:8      | You fall into a shaft and drop 2 floors!
  7440 | D:10     | Entered Level 10 of the Dungeon
  7508 | D:10     | Reached XP level 10. HP: 29/59 MP: 5/22
  7771 | D:10     | Reached * piety under Vehumet
  7771 | D:10     | Offered knowledge of Shock by Vehumet.
  7867 | D:10     | Found a staircase to the Lair.
  8181 | D:10     | Reached skill level 9 in Spellcasting
  8879 | D:10     | Found the +0 mask of the Dragon {MR+ Slay+3 SInv}
  9307 | D:9      | Found a hazy altar of Hepliaklqana.
  9312 | D:9      | Reached skill level 1 in Shields
  9643 | D:9      | Noticed a centaur warrior
  9650 | D:9      | Killed a centaur warrior
  9769 | D:9      | Reached skill level 5 in Conjurations
 10331 | D:9      | Found a sparkling altar of Nemelex Xobeh.
 10331 | D:9      | Noticed Jessica
 10334 | D:9      | Killed Jessica
 10698 | D:8      | Found a bloodstained altar of Trog.
 10806 | D:8      | Found a sacrificial altar of Ru.
 10935 | Lair:1   | Entered Level 1 of the Lair of Beasts
 10935 | Lair:1   | Noticed a black mamba
 10939 | Lair:1   | Killed a black mamba
 10939 | Lair:1   | Reached XP level 11. HP: 60/63 MP: 11/24
 11010 | Lair:1   | Noticed a seven-headed hydra
 11706 | Lair:1   | Noticed an oklob plant
 11876 | Lair:1   | Offered knowledge of Foxfire by Vehumet.
 11963 | Lair:1   | Noticed a six-headed hydra
 11970 | Lair:1   | Killed a six-headed hydra
 11970 | Lair:1   | Reached skill level 10 in Spellcasting
 11970 | Lair:1   | Reached skill level 5 in Transmutations
 11970 | Lair:1   | Reached skill level 10 in Earth Magic
 12244 | Lair:1   | Noticed an oklob plant
 12390 | Lair:1   | Killed a seven-headed hydra
 12714 | Lair:2   | Noticed Erica
 13250 | Lair:2   | Killed Erica
 13250 | Lair:2   | Reached ** piety under Vehumet
 14280 | Lair:3   | Found a staircase to the Snake Pit.
 14283 | Lair:3   | Reached XP level 12. HP: 67/72 MP: 0/26
 14911 | Lair:3   | Noticed a seven-headed hydra
 14915 | Lair:3   | Reached skill level 11 in Spellcasting
 15078 | Lair:3   | HP: 3/73 [seven-headed hydra (4)]
 15078 | Lair:3   | Mangled by a seven-headed hydra

Illustrated notes

Levels and vault maps discovered:
D:1:      saegor_arrival_simple_d, layout_basic, minmay_misc_feat_rows
D:2:      layout_loops_ring, roderic_lattice_a, minivault_11,
          minmay_misc_feat_secret_circle
D:3:      layout_basic, gammafunk_temple_overflow_pools, uniq_ijyb
D:4:      layout_basic, lemuel_round_altar, minmay_distorted, uniq_natasha
D:5:      layout_basic, okawaru_ov_weapons_minmay,
          minmay_temple_entry_mini_moons, first_ration, uniq_pikel
D:6:      layout_loops_cross, uniq_crazy_yiuf_cottage
D:7:      layout_rooms, elyvilon_altar_3, serial_shops, shop,
          corexii_hall_statues_u, due_unseen_surprise
D:8:      layout_rooms, lightli_temple_of_fire, kennysheep_mini, basic_altar
D:9:      minmay_chambers_of_sixes, layout_loops_ring, basic_altar,
          nemelex_lonely_heart_becter
D:10:     layout_basic, erik_lair_orcish_takeover, hangedman_stone_soup
Temple:   minmay_freezing_vapour_temple
Lair:1:   layout_loops_ring, minmay_lair_oklob_chamber
Lair:2:   layout_chaotic_city, uniq_erica
Lair:3:   layout_roguey, guppyfry_snake_entry_island, serial_bayou_shore_a,
          lemuel_fruit_fields

Skill      XL: |  1  2  3  4  5  6  7  8  9 10 11 12 |
---------------+-------------------------------------+-----
Earth Magic    | 4 5 6 7 9 10 | 10.0
Spellcasting   | 3 4 6 7 8 9 10 11 | 11.0
Fighting       | 1 4 5 7 |  7.7
Dodging        | 2 3 5 6 |  6.7
Transmutations | 2 4 5 |  5.0
Conjurations   | 2 5 |  5.0
Shields        | 3 4 |  4.0
Stealth        | |  2.1

Action                   |  1- 3 |  4- 6 |  7- 9 | 10-12 || total
-------------------------+-------+-------+-------+-------++-------
Melee: Unarmed           |    23 |       |       |       ||    23
       Club              |    64 |       |       |       ||    64
       Dagger            |    31 |   136 |   296 |    94 ||   557
       Whip              |       |    20 |       |       ||    20
 Cast: Sandblast         |    21 |    21 |    18 |       ||    60
       Stone Arrow       |       |       |    57 |   263 ||   320
       Petrify           |       |       |       |     2 ||     2
  Use: Scroll            |       |     6 |    10 |     7 ||    23
       Potion            |       |       |       |     4 ||     4
 Stab: Sleeping          |     1 |       |     2 |       ||     3
  Eat: Chunk             |     2 |     7 |    12 |    10 ||    31
       Ration            |       |       |       |     4 ||     4
Armor: Robe              |    51 |    96 |   152 |    94 ||   393
Dodge: Dodged            |   114 |   118 |   193 |   128 ||   553
Block: Other             |       |       |     6 |     6 ||    12
       Buckler           |       |       |       |   101 ||   101
       Reflection        |       |       |       |     2 ||     2

Table legend:
 A = Non-vault XP
 B = Vault XP
 C = Vault XP percentage of total XP
 D = Non-vault monster count
 E = Vault monster count
 F = Vault count percentage of total count
                 A         B        C        D         E       F
            +---------+---------+-------+---------+---------+-------
      Total |   16572 |    4727 |  22.2 |     219 |      24 |   9.9
            +---------+---------+-------+---------+---------+-------
        D:1 |      27 |       0 |   0.0 |      13 |       0 |   0.0
        D:2 |     107 |       0 |   0.0 |      24 |       0 |   0.0
        D:3 |     194 |      36 |  15.7 |      28 |       1 |   3.4
        D:4 |     254 |      39 |  13.3 |      14 |       2 |  12.5
        D:5 |    1159 |     607 |  34.4 |      30 |       1 |   3.2
        D:6 |    1616 |      37 |   2.2 |      25 |       1 |   3.8
        D:7 |     281 |       0 |   0.0 |       6 |       0 |   0.0
        D:8 |     291 |       0 |   0.0 |       3 |       0 |   0.0
        D:9 |    1008 |    1622 |  61.7 |      21 |       5 |  19.2
       D:10 |    1700 |     979 |  36.5 |      14 |      10 |  41.7
     Lair:1 |    5408 |       0 |   0.0 |      18 |       0 |   0.0
     Lair:2 |    2349 |     912 |  28.0 |      13 |       1 |   7.1
     Lair:3 |    2178 |     495 |  18.5 |      10 |       3 |  23.1
            +---------+---------+-------+---------+---------+-------
